 Dungeon Crawl Stone Soup version 0.29-a0-529-gfa20dd96a1 (webtiles) character file.

Game seed: 5451198764417818526

11 Peedeoo7 the Sneak (level 2, -6/24 HPs)
             Began as a Demonspawn Delver on June 1, 2022.
             Mangled by an iguana (13 damage)
             ... on level 5 of the Dungeon.
             The game lasted 00:01:28 (143 turns).

Peedeoo7 the Sneak (Demonspawn Delver)               Turns: 143, Time: 00:01:29

Health: -6/24      AC:  3    Str: 12    XL:     2   Next: 17%
Magic:  2/2        EV: 11    Int: 11    God:
Gold:   14         SH:  0    Dex: 14    Spells: 1/1 levels left

rFire   . . .      SeeInvis .   a - +0 spear
rCold   . . .      Faith    .   (no shield)
rNeg    . . .      Spirit   .   b - +0 leather armour
rPois   .          Reflect  .   (no helmet)
rElec   .          Harm     .   (no cloak)
rCorr   .          Rampage  .   (no gloves)
Will    .....                   (no boots)
Stlth   +++.......              (no amulet)
HPRegen 0.08/turn               (no ring)
MPRegen 0.08/turn               (no ring)

@: no status effects
A: powered by death 1
a: no special abilities


You were on level 5 of the Dungeon.
You visited 1 branch of the dungeon, and saw 2 of its levels.

You collected 14 gold pieces.

Inventory:

Hand Weapons
 a - a +0 spear (weapon)
Missiles
 i - 34 stones
Armour
 b - a +0 leather armour (worn)
Wands
 g - a wand of digging (3)
 h - a wand of flame (11) (quivered)
Scrolls
 c - a scroll of fog
 d - a scroll of magic mapping
 e - a scroll of poison {unknown}
Potions
 f - a potion of haste


   Skills:
 + Level 3.1 Fighting
 + Level 1.8 Polearms
 + Level 1.8 Dodging
 + Level 4.9 Stealth


You had one spell level left.
You didn't know any spells.
Your spell library was empty.

Dungeon Overview and Level Annotations

Branches:
Dungeon (6/15)
 Temple: D:4-7

Altars:


Innate Abilities, Weirdness & Mutations

You regenerate a little health from kills.


Message History

The slug dart misses you.
You hit the dart slug. You punch the dart slug.
The dart slug is almost dead.
The dart slug closely misses you.
You hit the dart slug.
You kill the dart slug!
You see here a dart slug corpse.
You now have 14 gold pieces.
Found an escape hatch in the floor.
There is an escape hatch in the floor here.
Found a scroll labelled IMUDUB SAHOHASM.
e - a scroll labelled IMUDUB SAHOHASM An iguana comes into view.
The iguana hisses angrily.
Reach: a) +0 spear
Press: ? - help, Dir - move target, f - iguana
Aim: an iguana (about 35% to evade your +0 spear)
You reach to attack!
You barely miss the iguana. You closely miss the iguana. The iguana bites you.
You hit the iguana but do no damage. The iguana bites you.
You hit the iguana but do no damage. The iguana barely misses you.
You hit the iguana.
The iguana is lightly wounded.
The iguana bites you.
You barely miss the iguana.
The iguana is lightly wounded.
The iguana bites you but does no damage.
The iguana closely misses you.
You hit the iguana but do no damage.
The iguana is lightly wounded.
The iguana bites you.
* * * LOW HITPOINT WARNING * * *
You closely miss the iguana.
The iguana is lightly wounded.
The iguana misses you.
You hit the iguana but do no damage.
The iguana is lightly wounded.
The iguana bites you!
Ouch! That really hurt!
You die...

## ## . ..
##.#.######
.....W...W#
###..####l# #
#.W####@#
#######
#....##.#
#.....#
#.##.##.#
#.....#
#.......#
#.....#
####.####
#.....# #.#
#.....# #.#
###.#########.#
#...>....##.#


You could see a phantom and an iguana.

Vanquished Creatures
  An adder (D:6)
  A dart slug (D:5)
2 creatures vanquished.

Notes
Turn   | Place    | Note
-------+----------+-------------------------------------------
     0 | D:5      | Peedeoo7 the Demonspawn Delver began the quest for the Orb.
     0 | D:5      | Reached XP level 1. HP: 18/18 MP: 1/1
     1 | D:5      | Noticed an iguana
    18 | D:5      | Noticed a phantom
    40 | D:6      | Gained mutation: You regenerate a little health from kills.
                  | [demonic ancestry]
    40 | D:6      | Reached XP level 2. HP: 24/24 MP: 2/2
    60 | D:6      | Noticed a black bear
   143 | D:5      | Mangled by an iguana

Illustrated notes

Levels and vault maps discovered:
D:5:      layout_loops_cross
D:6:      layout_loops_ring

Action                   || total
-------------------------++-------
Melee: Spear             ||    14
       Punch             ||     1
  Use: Scroll            ||     1
 Stab: Sleeping          ||     1
Armor: Leather armour    ||     2
Dodge: Dodged            ||     6

Table legend: (Time is in decaauts)
 A = Elapsed time spent in this place.
 B = Non-inter-level travel time spent in this place.
 C = Inter-level travel time spent in this place.
 D = Time resting spent in this place.
 E = Time spent auto-exploring this place.
 F = Levels seen in this place.
 G = Mean time per level.
                   A        B        C        D        E       F      G
               +--------+--------+--------+--------+--------+-----+--------+
         Total |    142 |     70 |     72 |      0 |      0 |   2 |   71.0 |
       Dungeon |    142 |     70 |     72 |      0 |      0 |   2 |   71.0 |
               +--------+--------+--------+--------+--------+-----+--------+

Top non-repeatable levels by time:
     D:5: 113 daAuts
     D:6: 29 daAuts
